 Dungeon Crawl Stone Soup version 0.29.1-15-g9cfb28693d (webtiles) character file.

Game seed: 321007430504873558

444 Eitelfritz the Slasher (level 6, 0/78 HPs)
             Began as a Minotaur Gladiator on Apr 14, 2023.
             Slain by an orc priest
             ... wielding a +0 war axe
              (5 damage)
             ... on level 4 of the Dungeon.
             The game lasted 00:05:50 (3580 turns).

Eitelfritz the Slasher (Minotaur Gladiator)         Turns: 3580, Time: 00:05:50

Health: 0/78       AC: 27    Str: 19    XL:     6   Next: 72%
Magic:  5/5        EV:  2    Int:  7    God:
Gold:   185        SH:  0    Dex: 11    Spells: 5/5 levels left

rFire   . . .      SeeInvis .   a - +0 long sword
rCold   . . .      Faith    .   (no shield)
rNeg    . . .      Spirit   .   (body armour currently unavailable)
rPois   +          Reflect  .   (helmet currently unavailable)
rElec   .          Harm     .   (cloak currently unavailable)
rCorr   +          Rampage  .   (gloves currently unavailable)
Will    .....      NoTele   +   (boots currently unavailable)
Stlth   +.........              (no amulet)
HPRegen 0.23/turn               j - ring of resist corrosion
MPRegen 0.09/turn               l - +4 ring of protection

@: tree-form
A: stationary, stasis, torment immunity, boosted hp, (horns 2), (retaliatory
headbutt)
a: no special abilities


You were on level 4 of the Dungeon.
You were a tree.
You visited 1 branch of the dungeon, and saw 4 of its levels.

You collected 185 gold pieces.

Inventory:

Hand Weapons
 a - a +0 long sword (weapon)
 k - a +1 whip of electrocution
 p - a +3 flail of protection
Missiles
 b - 5 poisoned darts
 d - 2 throwing nets (quivered)
 e - a javelin
Armour
 h - a +0 pair of boots (melded)
 s - a +0 scale mail (melded)
 u - a +2 hat (melded)
 w - a scarf of invisibility (melded)
Jewellery
 j - a ring of resist corrosion (left branch)
 l - a +4 ring of protection (right branch)
Wands
 x - a wand of polymorph (7)
 y - a wand of charming (9)
Scrolls
 c - a scroll of enchant weapon {unknown}
 f - 3 scrolls of identify
 i - 2 scrolls of fear {unknown}
 m - a scroll of blinking {unknown}
 n - 3 scrolls of teleportation {unknown}
 o - 2 scrolls of magic mapping {unknown}
 q - 2 scrolls of fog {unknown}
 r - a scroll of immolation {unknown}
 t - a scroll of poison {unknown}
Potions
 g - a potion of lignification
 v - a potion of flight {unknown}


   Skills:
 + Level 4.1 Fighting
 + Level 6.4 Long Blades
 + Level 2.3 Throwing
 + Level 3.7 Armour
 + Level 4.1 Dodging
 + Level 0.8 Stealth
 * Level 0.6 Evocations


You had 5 spell levels left.
You didn't know any spells.
Your spell library contained the following spells:

 Spells                   Type           Power      Damage    Failure   Level
 Apportation              Tloc           0%         N/A       43%         1
 Beastly Appendage        Tmut           0%         N/A       43%         1
 Necrotise                Necr           0%         1d4       43%         1
 Summon Small Mammal      Summ           0%         N/A       43%         1
 Blink                    Tloc           0%         N/A       56%         2
 Wereblood                Tmut           0%         N/A       56%         2
 Spider Form              Tmut/Pois      0%         N/A       80%         3
 Manifold Assault         Tloc           0%         N/A       100%        5
 Storm Form               Tmut/Air       0%         N/A       100%        7
 Chain Lightning          Conj/Air       0%         N/A       100%        9
 Fire Storm               Conj/Fire      0%         5d1       100%        9
 Shatter                  Erth           0%         3d5*      100%        9


Dungeon Overview and Level Annotations

Branches:
Dungeon (4/15)
 Temple: D:4-7

Altars:


Innate Abilities, Weirdness & Mutations

You are a tree.
Your roots penetrate the ground, keeping you stationary.
You cannot be teleported.
You are immune to unholy pain and torment.
Your maximum health is greatly increased.
Your equipment is partially melded.
((You have a pair of horns on your head.))
((You reflexively headbutt those who attack you in melee.))


Message History

Beogh smites you!
* * * LOW HITPOINT WARNING * * *
You hit the orc priest.
The orc priest is lightly wounded.
The orc priest calls down the wrath of Beogh upon you.
You barely resist.
You hit the orc priest but do no damage.
Your headbutt misses the orc priest.
The orc priest is lightly wounded.
The orc priest looks satisfied for a moment.
Really quaff the potion of lignification? [Y]es or [N]o only, please.
Really quaff the potion of lignification? [Y]es or [N]o only, please.
Really quaff the potion of lignification? [Y]es or [N]o only, please.
Really quaff the potion of lignification?
You turn into a tree.
Your scarf of invisibility melds into your body.
Your +2 hat melds into your body.
Your +0 pair of boots melds into your body.
Your +0 scale mail melds into your body.
Your roots penetrate the ground.
The orc priest hits you but does no damage.
You hit the orc priest.
The orc priest is moderately wounded.
The orc priest hits you with a +0 war axe.
* * * LOW HITPOINT WARNING * * *
You hit the orc priest.
The orc priest is moderately wounded.
The orc priest hits you with a +0 war axe.
* * * LOW HITPOINT WARNING * * *
Unknown command.
You barely miss the orc priest.
The orc priest is moderately wounded.
The orc priest hits you but does no damage.
You slash the orc priest!
The orc priest is almost dead.
The orc priest hits you with a +0 war axe.
You die...

##...............#####
##..............## #.#
#.###..##.......# #.!
### #..####.....# #..
#..# ##...## ### #.[#
###.# ##### #.## ..
#.... #.# ....#. #♣#
#.# #. #o# # #. #.# #.
#.!# #. #..# ....
####. #o


o You could see an orc priest.

Vanquished Creatures
  Sigmund (D:3)
  A water moccasin (D:4)
  Terence (D:3)
  5 gnolls (D:3)
  6 adders
  2 dart slugs (D:2)
  5 orcs
  5 ball pythons
  5 endoplasms
  2 giant cockroaches (D:2)
  3 goblins (D:1)
  3 hobgoblins
  2 jackals (D:4)
  A quokka (D:1)
  5 bats
  4 frilled lizards
  8 kobolds
  5 rats
64 creatures vanquished.

Notes
Turn   | Place    | Note
-------+----------+-------------------------------------------
     0 | D:1      | Eitelfritz the Minotaur Gladiator began the quest for the
                  | Orb.
     0 | D:1      | Reached XP level 1. HP: 18/18 MP: 0/0
   267 | D:1      | Reached XP level 2. HP: 21/25 MP: 1/1
   572 | D:1      | Reached skill level 4 in Long Blades
   883 | D:1      | Reached skill level 1 in Armour
  1064 | D:2      | Reached XP level 3. HP: 27/31 MP: 2/2
  1699 | D:2      | Identified the +0 robe of Iti Abon {Str+2}
  1980 | D:2      | Reached XP level 4. HP: 38/38 MP: 3/3
  2158 | D:3      | HP: 2/57 [poisoned by a gnoll]
  2539 | D:3      | Noticed Terence
  2565 | D:3      | Killed Terence
  2566 | D:3      | Reached skill level 5 in Long Blades
  2566 | D:3      | Reached XP level 5. HP: 38/45 MP: 4/4
  2663 | D:3      | Noticed Sigmund
  2668 | D:3      | Killed Sigmund
  2669 | D:3      | Reached skill level 6 in Long Blades
  2669 | D:3      | Reached XP level 6. HP: 52/52 MP: 5/5
  3248 | D:4      | Noticed a water moccasin
  3266 | D:4      | Killed a water moccasin
  3580 | D:4      | Slain by an orc priest

Illustrated notes

Levels and vault maps discovered:
D:1:      dpeg_arrival_stonehenge_8_columns, layout_loops_corners,
          nicolae_concentric_dashed_squares_wild
D:2:      layout_basic, nicolae_kite_square_tiling_tiny
D:3:      layout_loops_cross, uniq_terence, uniq_sigmund
D:4:      layout_layer_cave, minmay_misc_feat_rows

Skill      XL: |  1  2  3  4  5  6 |
---------------+-------------------+-----
Long Blades    | 4 5 6 |  6.4
Armour         | 1 2 3 |  3.7
Fighting       | 3 4 |  4.1
Dodging        | 4 |  4.1
Throwing       | |  2.3
Stealth        | |  0.8
Evocations     | |  0.6

Action                   |  1- 3 |  4- 6 || total
-------------------------+-------+-------++-------
Melee: Long sword        |    81 |   101 ||   182
       Punch             |     1 |     1 ||     2
       Headbutt          |     8 |    10 ||    18
Throw: Dart              |       |     2 ||     2
       Throwing net      |       |     3 ||     3
  Use: Potion            |       |     4 ||     4
       Scroll            |       |     1 ||     1
Armor: Leather armour    |    32 |       ||    32
       Skin              |       |    11 ||    11
       Scale mail        |       |    32 ||    32
Dodge: Dodged            |    55 |    55 ||   110
